[Event "*** SCC Grand Prix: Titled Tuesday Blitz"]
[Site "Chess.com"]
[Date "2020.06.09"]
[Round "7"]
[White "The_Machine04"]
[Black "novocane"]
[Result "0-1"]
[WhiteElo "2278"]
[BlackElo "2205"]
[TimeControl "180+1"]
[EndTime "10:19:59 PDT"]
[Termination "novocane won on time"]

1. d4 Nf6 2. Bg5 e6 3. Nd2 h6 4. Bh4 c5 5. e4 cxd4 6. e5 g5 7. Bg3 Nd5 8. h4 Nc6 9. hxg5 Qxg5 10. Ngf3 Qg7 11. Bc4 Ne3 12. Qc1 Nxg2+ 13. Kf1 Ne3+ 14. fxe3 Qxg3 15. exd4 d5 16. Bd3 Rg8 17. Rg1 Qh3+ 18.
Kf2 Rxg1 19. Qxg1 Bd7 20. Qg8 O-O-O 21. Qxf7 Nxd4 22. Nxd4 Bc5 23. Ke2 Bxd4 24. Rf1 Qe3+ 25. Kd1 Bxe5 26. Qf3 Qxf3+ 27. Nxf3 Bxb2 28. Re1 Rf8 29. Ne5 Bc3 30. Nxd7 Kxd7 31. Rh1 Rf6 32. Ke2 e5 33. Bb5+ Kd6 34. Rd1 Kc5 35. Ba4 Bd4 36. Bb3 Rf2+ 37. Ke1 Rh2 38. Kf1 Rh1+ 39. Ke2 Rxd1 40. Kxd1 h5 41. Ke2 h4 42. Kf3 e4+ 43. Kg4 Bf6 44. c3 Bxc3 45. Kxh4 e3 46. Bd1 d4 47. Be2 Be1+ 48. Kg4 Kb4 49. Kf3 Kc3 50. Ke4 a5 51. Kd5 d3 52. Bxd3 Kxd3 53. Kc5 Bb4+ 54. Kb6 e2 55. Kxb7 e1=Q 56. Ka6 Bd2 57. a4 Qb1 0-1

[Event "*** SCC Grand Prix: Titled Tuesday Blitz"]
[Site "Chess.com"]
[Date "2020.06.09"]
[Round "7"]
[White "frankshar"]
[Black "monstertube"]
[Result "1-0"]
[WhiteElo "2355"]
[BlackElo "2171"]
[TimeControl "180+1"]
[EndTime "10:20:01 PDT"]
[Termination "frankshar won by resignation"]

1. d4 d5 2. c4 e6 3. Nc3 Nf6 4. cxd5 exd5 5. Bg5 Be7 6. e3 c6 7. Bd3 O-O 8. Qc2 Nbd7 9. Nge2 Re8 10. O-O Nf8 11.
f3 Be6 12. Rad1 Rc8 13. Kh1 Nh5 14. Bxe7 Qxe7 15. e4 Qh4 16. e5 Qg5 17. f4 Qh4 18.
f5 Bd7 19. Qd2 h6 20. f6 Qg5 21. Qxg5 hxg5 22. h3 gxf6 23. exf6 Re6 24. Rf5 Rxf6 25. Rxg5+ Ng7 26. Ng3 Ng6 27. Bxg6 Rxg6 28. Rxg6 fxg6 29. Na4 b6 30. Re1 Re8 31. Rxe8+ Bxe8 32. Ne2 Kf7 33. Nac3 Kf6 34. Kg1 Bd7 35. Kf2 Bf5 36. g4 Bd7 37.
Kg3 Ne6 38. h4 Bc8 39. b4 Bb7 40. a3 c5 41. bxc5 bxc5 42. dxc5 Nxc5 43. Nd4 Nd3 44.
Ndb5 a6 45. Nd6 Bc6 46. Ne2 Ne5 47. Nd4 Bd7 48. Nb7 Nc4 49. Nc5 Be8 50. a4 Nb2 51. a5 Nc4 52. Nxa6 Nxa5 53. Nc7 Bd7 54. Nxd5+ Ke5 55.
Nf4 Kxd4 56. Nxg6 Kd5 57. h5 Kd6 58. h6 Be8 59. h7 Bxg6 60. h8=Q Be4 61. Qd4+ Bd5 62. Qb4+ 1-0

[Event "*** SCC Grand Prix: Titled Tuesday Blitz"]
[Site "Chess.com"]
[Date "2020.06.09"]
[Round "7"]
[White "Msb2"]
[Black "oskariot"]
[Result "1-0"]
[WhiteElo "2839"]
[BlackElo "2643"]
[TimeControl "180+1"]
[EndTime "10:20:02 PDT"]
[Termination "Msb2 won on time"]

1. d4 Nf6 2. Nc3 d5 3. Bf4 e6 4. Nb5 Na6 5. e3 Be7 6. Nf3 O-O 7. c4 c5 8. Nc3 cxd4 9. Nxd4 Qb6 10. Rb1 Nc5 11.
cxd5 Nxd5 12. Nxd5 exd5 13. Be2 Qb4+ 14. Qd2 Qxd2+ 15. Kxd2 Ne4+ 16. Ke1 Bb4+ 17. Kd1 Nxf2+ 18. Kc2 Nxh1 19. Rxh1 Bd7 20. Kb3 Be7 21. Rd1 Rac8 22. Bf3 Rfd8 23. Bxd5 Ba4+ 24. Kxa4 Rxd5 25. Kb3 Bf6 26.
a4 Re8 27. Kc4 Rd7 28. Rd3 g6 29. b4 Rc8+ 30. Kb3 h5 31. h3 a6 32. a5 Rd5 33. Bh2 Be5 34. Bg1 Rc1 35. Bf2 Rf1 36. Rd2 f5 37. Kc4 Rd7 38. Kc5 Kf7 39. Kb6 Rxf2 40.
Rxf2 Rxd4 41. exd4 Bxd4+ 42. Kxb7 Bxf2 43. Kxa6 Ke7 44. Kb7 g5 45. b5 g4 46. a6 gxh3 47. gxh3 f4 48. b6 Bxb6 49. Kxb6 f3 50. a7 f2 51. a8=Q f1=Q 52. Qb7+ Kf6 53. Qe4 Qxh3 54. Qf4+ Qf5 55. Qh6+ Ke5 56. Qe3+ Kd5 57. Qd2+ Ke4 58. Qe2+ Kf4 59.
Qf2+ Kg5 60. Qg3+ Kf6 61. Qc3+ Qe5 62. Qf3+ Kg5 63. Qg2+ Kh4 64. Qh1+ Kg4 65. Qd1+ Kf5 66. Qxh5+ Ke4 67. Qe2+ 1-0

[Event "*** SCC Grand Prix: Titled Tuesday Blitz"]
[Site "Chess.com"]
[Date "2020.06.09"]
[Round "7"]
[White "GuerrieroFromLevant"]
[Black "Mbneu"]
[Result "0-1"]
[WhiteElo "2332"]
[BlackElo "2232"]
[TimeControl "180+1"]
[EndTime "10:20:02 PDT"]
[Termination "Mbneu won by resignation"]

1. e4 c5 2. Nf3 Nf6 3. e5 Nd5 4. Nc3 Nxc3 5. dxc3 Nc6 6. Bf4 e6 7. Nd2 d5 8. exd6 Bxd6 9. Bxd6 Qxd6 10. Qf3 Qd5 11. Qg3 O-O 12. Bd3 Qe5+ 13. Qxe5 Nxe5 14. Ne4 b6 15. f4 Ng6 16. g3 Bb7 17. O-O-O c4 18.
Nd6 Bxh1 19. Bxg6 Bd5 20. Be4 Rad8 21. Bxd5 Rxd6 22. Bxc4 Rxd1+ 23. Kxd1 Rd8+ 24. Ke2 Kf8 25. Bd3 h6 26. Ke3 Ke7 27. Be2 g5 28. Bd3 f5 29.
Be2 Kf6 30. c4 e5 31. b4 Rd4 32. fxe5+ Kxe5 33. Bd3 f4+ 34. Kf3 fxg3 35. hxg3 Rd7 36.
a4 Kd4 37. Kg4 Re7 38. Kh5 Re3 39. g4 Rh3+ 40. Kg6 a5 41. c5 bxc5 42. bxa5 c4 43. Bf5 Ra3 44. Bd7 Kc5 45. Bb5 Rc3 46. Kxh6 Rxc2 47. Kxg5 Rb2 48. Kf4 c3 49. Ke3 Rg2 50. a6 c2 51. a7 c1=Q+ 52. Kf3 Qc3+ 53. Kxg2 Qa5 54. Kg3 Qxa7 55. g5 Qg7 56. Kg4 Kd5 57.
Kf5 Kd6 58. g6 Ke7 59. Bc4 Qf6+ 60. Ke4 Qxg6+ 61. Kd5 Qd6+ 62. Ke4 Qb4 63. Kd5 Qxa4 64. Kc5 Qa5+ 65. Bb5 Kd8 66. Kc6 Qa7 67. Bc4 Kc8 68. Be6+ Kb8 69. Bd5 Qc7+ 70. Kb5 Ka7 71. Bc6 Qb6+ 0-1

[Event "*** SCC Grand Prix: Titled Tuesday Blitz"]
[Site "Chess.com"]
[Date "2020.06.09"]
[Round "7"]
[White "Meri-Arabidze"]
[Black "Sychev_Klementy"]
[Result "0-1"]
[WhiteElo "2646"]
[BlackElo "2851"]
[TimeControl "180+1"]
[EndTime "10:20:03 PDT"]
[Termination "Sychev_Klementy won on time"]

1. d4 Nf6 2. c4 g6 3. Nf3 Bg7 4. g3 O-O 5. Bg2 d6 6. O-O Nc6 7. Nc3 a5 8. d5 Nb8 9. e4 e5 10. Ne1 Na6 11. Nd3 b6 12. a3 Nc5 13. Rb1 Bg4 14. f3 Bd7 15. b4 axb4 16. axb4 Na4 17. Bd2 Nh5 18. Nb5 Bxb5 19. cxb5 Qd7 20. Rf2 Qxb5 21.
Bf1 Qd7 22. Qc2 b5 23. Rc1 Rfc8 24. Be3 Nb6 25. Nb2 Nf6 26. Qc6 Qxc6 27. Rxc6 Nbxd5 28.
exd5 Nxd5 29. Bd2 Ne7 30. Rc1 c6 31. Nd3 f5 32. Be1 Bh6 33. Bd2 Bf8 34. Re2 Ra2 35.
Be1 Rxe2 36. Bxe2 Ra8 37. g4 Kf7 38. Bh4 Bh6 39. Rc2 Be3+ 40. Kg2 g5 41. Bf2 Bxf2 42.
Kxf2 f4 43. Nc1 Ra4 44. Bd3 h6 45. Rb2 Nd5 46. Be4 Nxb4 47. Nb3 d5 48. Nc5 dxe4 49.
Nxa4 Nd3+ 50. Ke2 Nxb2 51. Nxb2 e3 52. Kd3 Ke6 53. Ke4 c5 54. Nd3 c4 55. Nb4 e2 56.
Nc2 b4 57. h4 b3 0-1

[Event "*** SCC Grand Prix: Titled Tuesday Blitz"]
[Site "Chess.com"]
[Date "2020.06.09"]
[Round "7"]
[White "SoltaniciR"]
[Black "imdvb6307"]
[Result "1/2-1/2"]
[WhiteElo "2490"]
[BlackElo "2398"]
[TimeControl "180+1"]
[EndTime "10:20:03 PDT"]
[Termination "Game drawn by repetition"]

1. e4 e5 2. Nf3 Nf6 3. Nxe5 d6 4. Nf3 Nxe4 5. c4 Nc6 6. Nc3 Nxc3 7. dxc3 Be7 8. Qc2 Bg4 9. Bd3 Qd7 10. Be3 Bf6 11. O-O-O Bxf3 12. gxf3 Ne5 13. Be2 Qc6 14. Qe4 Qxe4 15. fxe4 Nd7 16. h4 h6 17. Bd4 Be5 18. Rhg1 g6 19. Be3 Bf6 20. Rh1 O-O-O 21. f4 Kb8 22. h5 g5 23. fxg5 Bxg5 24. Bxg5 hxg5 25. Rdf1 Ne5 26. h6 Rh7 27. Rf5 Rg8 28. Rh5 g4 29.
Rfg5 Rg6 30. c5 Kc8 31. cxd6 cxd6 32. Kd2 Rhxh6 33. Rxg6 Rxg6 34. Rh1 g3 35. Rg1 Kc7 36. Ke3 a5 37. Kf4 g2 38. Ke3 Rg3+ 39. Kf2 Rg6 40. Rxg2 Rxg2+ 41. Kxg2 b6 42. Kf2 Kd7 43. Ke3 Ke6 44. Kd4 Nc6+ 45. Ke3 Ke5 46. Bc4 f5 47. exf5 Kxf5 48. Bd5 Na7 49. Kd4 Kf6 50. Bg8 Ke7 51.
Kd5 Kd7 52. a4 Kc7 53. Bf7 Nc6 54. Bh5 Nd8 55. Be2 Nb7 56. Bb5 Nc5 57. b4 Nb7 58. Bc6 Nd8 59. Bb5 Nb7 60. Bc6 Nd8 61.
Bb5 Nb7 1/2-1/2

[Event "*** SCC Grand Prix: Titled Tuesday Blitz"]
[Site "Chess.com"]
[Date "2020.06.09"]
[Round "7"]
[White "MathiasWomacka"]
[Black "Siniauski"]
[Result "1/2-1/2"]
[WhiteElo "2400"]
[BlackElo "2505"]
[TimeControl "180+1"]
[EndTime "10:20:04 PDT"]
[Termination "Game drawn - insufficient material"]

1. e4 e6 2. d4 d5 3. Nd2 c5 4.
exd5 Qxd5 5. Ngf3 cxd4 6. Bc4 Qd8 7. O-O Nc6 8. Nb3 a6 9. Nbxd4 Nxd4 10. Nxd4 Bd6 11.
Re1 Ne7 12. Be3 O-O 13. Qf3 Bxh2+ 14. Kxh2 Qc7+ 15. Bf4 Qxc4 16. Rad1 Ng6 17. Bg3 Qd5 18. Qxd5 exd5 19. Bd6 Rd8 20. Bc7 Rf8 21. Bd6 Bg4 22. Bxf8 Bxd1 23. Bxg7 Bxc2 24. Bf6 Ba4 25. Nf5 Bd7 26.
Ne7+ Kf8 27. Nxd5 Re8 28. Rxe8+ Bxe8 29. Bd4 Bc6 30. Nf6 h6 31. f3 Ke7 32. Ng8+ Ke6 33. Nxh6 Kd5 34. Bc3 Be8 35. Nf5 b5 36. g4 Nf4 37.
Ne3+ Kc5 38. Bf6 Bd7 39. Kg3 Nd3 40. f4 a5 41. g5 a4 42. f5 b4 43. g6 fxg6 44.
fxg6 a3 45. bxa3 bxa3 46. Be7+ Kd4 47. Bxa3 Kxe3 48. g7 Be6 49. Bd6 Bg8 50. a4 Kd4 51. a5 Kd5 52. a6 Kc6 53. a7 Kb7 54. Kg4 Kxa7 55. Kg5 Kb7 56. Kf6 Kc6 57. Ke7 Nf2 58.
Kf8 Be6 59. g8=Q Bxg8 60. Kxg8 1/2-1/2

[Event "*** SCC Grand Prix: Titled Tuesday Blitz"]
[Site "Chess.com"]
[Date "2020.06.09"]
[Round "7"]
[White "AlexSuv"]
[Black "dey2580"]
[Result "0-1"]
[WhiteElo "2629"]
[BlackElo "2458"]
[TimeControl "180+1"]
[EndTime "10:20:06 PDT"]
[Termination "dey2580 won on time"]

1. d4 Nf6 2. c4 e6 3. Nc3 Bb4 4. e3 O-O 5. Ne2 c5 6. a3 Bxc3+ 7. Nxc3 cxd4 8. exd4 d5 9. Be3 Nc6 10. Be2 dxc4 11.
Bxc4 b6 12. O-O Bb7 13. Rc1 Rc8 14. Ba2 Ne7 15. Bg5 Nf5 16. d5 exd5 17. Qf3 Nd4 18. Qd3 Ne6 19. Bxf6 Qxf6 20. Nxd5 Qg5 21. f4 Nxf4 22. Nxf4 Rxc1 23. Rxc1 Qxf4 24. Rf1 Qg5 25. Qe2 h6 26. Qf2 Bd5 27. Bb1 Rc8 28. h3 Rc1 29. Bd3 Rxf1+ 30. Bxf1 Qe5 31. Qd2 g5 32. Qf2 Kg7 33.
Qd2 f5 34. Qf2 Kf6 35. Qd2 f4 36. Qb4 Qe3+ 37. Kh2 Qg3+ 38. Kg1 Qe3+ 39. Kh2 Qc5 40. Qa4 a5 41. Qe8 Be6 42. Qh8+ Ke7 43. Qg7+ Kd6 44.
Qxh6 Qe5 45. Kg1 Qe3+ 46. Kh2 Qe5 47. Qf8+ Kc6 48. Qe8+ Kc7 49. Qe7+ Kc6 50. Qe8+ Kc5 51. Qb5+ Kd4 52. Qxb6+ Ke4 53. Kg1 Bd5 54. Qf2 Kf5 55. Bd3+ Kf6 56. Qb6+ Ke7 57. Qa7+ Kd8 58. Qc5 Qe1+ 59. Kh2 Qg3+ 60. Kg1 Qe1+ 61. Kh2 Qe5 62. Qxa5+ Ke7 63. Qd2 f3+ 64. Kg1 fxg2 65. Qe2 Kd6 66.
Qxe5+ Kxe5 67. b4 Kf4 0-1

[Event "*** SCC Grand Prix: Titled Tuesday Blitz"]
[Site "Chess.com"]
[Date "2020.06.09"]
[Round "7"]
[White "Jospem"]
[Black "Khvicha_Supatashvili"]
[Result "1-0"]
[WhiteElo "2865"]
[BlackElo "2723"]
[TimeControl "180+1"]
[EndTime "10:20:07 PDT"]
[Termination "Jospem won on time"]

1. c4 e5 2. Nc3 Nc6 3. Nf3 Nf6 4.
a3 g6 5. e3 Bg7 6. Qc2 O-O 7.
Be2 d5 8. cxd5 Nxd5 9. d3 a5 10.
Bd2 Nb6 11. b3 f5 12. O-O Be6 13. Rad1 Kh8 14. Bc1 Bg8 15. d4 e4 16. Nd2 Ne7 17. Bb2 Ned5 18. Nc4 c6 19. Ne5 Qe7 20. Nxd5 Nxd5 21.
Bc4 Bf6 22. Rde1 Rac8 23. a4 b5 24. Be2 Nb4 25. Qd2 bxa4 26. bxa4 c5 27. f4 cxd4 28. Bxd4 Rc2 29. Qd1 Rfc8 30. Qa1 Kg7 31. Bd1 Rd2 32.
Re2 Rxe2 33. Bxe2 Rc2 34. Bb5 Ra2 35. Qd1 Nc2 36. Rf2 Nxd4 37. Qxd4 Rxf2 38. Kxf2 g5 39. g3 gxf4 40. gxf4 Be6 41. Qc3 Qa7 42. Kg3 h5 43. h4 Qe7 44. Kh3 Kh6 45. Qe1 Bxe5 46. fxe5 f4+ 47.
Kh2 f3 48. Qg3 Qg7 49. Qxg7+ Kxg7 50. Kg3 Kg6 51. Kf4 Bh3 52. Kg3 1-0

[Event "*** SCC Grand Prix: Titled Tuesday Blitz"]
[Site "Chess.com"]
[Date "2020.06.09"]
[Round "7"]
[White "MF1966Idrisov"]
[Black "Efremov_Vlad"]
[Result "0-1"]
[WhiteElo "2262"]
[BlackElo "2178"]
[TimeControl "180+1"]
[EndTime "10:20:08 PDT"]
[Termination "Efremov_Vlad won on time"]

1. Nf3 d5 2. b3 Nf6 3. Bb2 e6 4. e3 Be7 5. d4 b6 6. Bd3 Bb7 7.
Nbd2 Nbd7 8. O-O Ne4 9. Ne5 O-O 10. Nxd7 Qxd7 11. Nxe4 dxe4 12. Be2 f5 13. c4 Bf6 14. Qc2 Kh8 15. Rad1 Qf7 16. Rd2 g5 17. d5 e5 18.
Rfd1 Rad8 19. d6 c5 20. f3 exf3 21. Bxf3 e4 22. Be2 f4 23. Bxf6+ Qxf6 24. Qb2 fxe3 25. Rc2 Kg8 26. Qxf6 Rxf6 27. d7 Kf8 28. Bg4 Ke7 29. Re2 Rf4 30. h3 h5 31. Bxh5 Rxd7 32. Rxd7+ Kxd7 33.
Rxe3 Kd6 34. Rg3 Rf5 35. Bg6 Re5 36. Re3 Ke7 37. Kh2 Kf6 38. Bh7 Re7 39. Bg8 Ke5 40. Kg3 Rg7 41. Bd5 Bxd5 42. cxd5 Kxd5 43. Kg4 Kd4 44. Re1 e3 45. Rd1+ Kc3 46. Kf3 Re7 47. Ke2 Kb2 48. Rd3 Kxa2 49. g3 b5 50. h4 gxh4 51.
gxh4 a5 52. h5 Rh7 53. Rd5 Kxb3 54. Rxc5 Kb4 55. Re5 a4 56. Re4+ Kb3 57. Rxe3+ Ka2 58. Rh3 b4 59. h6 b3 60. Kd3 b2 61. Rh2 Ka1 0-1

[Event "*** SCC Grand Prix: Titled Tuesday Blitz"]
[Site "Chess.com"]
[Date "2020.06.09"]
[Round "7"]
[White "Hrant_ChessMood"]
[Black "wonderfultime"]
[Result "0-1"]
[WhiteElo "3073"]
[BlackElo "3010"]
[TimeControl "180+1"]
[EndTime "10:20:11 PDT"]
[Termination "wonderfultime won by checkmate"]

1. d4 d5 2. c4 c6 3. Nc3 Nf6 4. e3 a6 5. Nf3 Bf5 6. Qb3 Ra7 7. Nh4 Be4 8. Nxe4 Nxe4 9. Nf3 e6 10. Bd3 Nf6 11.
O-O Bd6 12. Qc2 Nbd7 13. c5 Bc7 14. b4 e5 15. dxe5 Nxe5 16. Nxe5 Bxe5 17. Bb2 Qe7 18. h3 O-O 19. Rab1 g6 20. a4 Re8 21. Rfd1 Kg7 22.
Bc3 Nd7 23. Bd4 Qf6 24. Qc3 Raa8 25. Rb3 Re7 26. Be2 h5 27. Bxe5 Nxe5 28. Rd4 Nd7 29. Rf4 Qxc3 30. Rxc3 Rae8 31. Rd4 Re4 32. Kf1 Nf8 33.
Rxe4 Rxe4 34. Rb3 Nd7 35. Bd3 Re8 36. Rb1 a5 37. bxa5 Nxc5 38. Be2 Ra8 39. a6 Nxa6 40. Rxb7 Nc5 41. Rc7 Rxa4 42. Bf3 Ra1+ 43. Ke2 Ra2+ 44. Kf1 Nd3 45. Rxc6 Rxf2+ 46. Kg1 Rd2 47. Rd6 Nb4 48. e4 d4 49. e5 Kf8 50. Rd7 Ke8 51. Rd6 Ke7 52.
Rb6 Nd3 53. Rb7+ Ke6 54. Rb6+ Kxe5 55. Rb5+ Kf4 56. Kh2 Ne5 57. Bd5 h4 58. Rb4 g5 59.
Ra4 g4 60. hxg4 Nxg4+ 61. Kh3 Kg5 62. Ra5 f5 63. Bf3 Nf2+ 64. Kh2 Rb2 65. Ra8 Rb1 66. Rg8+ Kf4 67. Rd8 Rh1# 0-1

[Event "*** SCC Grand Prix: Titled Tuesday Blitz"]
[Site "Chess.com"]
[Date "2020.06.09"]
[Round "7"]
[White "anon569"]
[Black "amatatanav"]
[Result "0-1"]
[WhiteElo "2293"]
[BlackElo "2414"]
[TimeControl "180+1"]
[EndTime "10:20:11 PDT"]
[Termination "amatatanav won by checkmate"]

1. e4 c5 2. Nf3 Nc6 3. d4 cxd4 4. Nxd4 g6 5. Nc3 Bg7 6. Be3 Nf6 7. Bc4 O-O 8. Bb3 d5 9. exd5 Na5 10. Nde2 a6 11. O-O b5 12. Nf4 Bb7 13. Qe2 Nxb3 14. axb3 b4 15. Na4 Nxd5 16. Rfd1 e6 17. Nxd5 Bxd5 18.
Nb6 Rb8 19. Nxd5 exd5 20. Rxa6 Bxb2 21. Bc5 Re8 22. Qf3 Qc8 23. Ra2 Qxc5 24. Rxb2 Re4 25. h3 Rbe8 26. Kh2 Qc7+ 27. g3 Qc5 28. Rd2 R8e6 29. Rb1 Kg7 30. Rbd1 Rf6 31. Qg2 Rf5 32. f3 Re3 33. f4 h5 34. Rxd5 Rxd5 35. Rxd5 Qe7 36.
Rd2 h4 37. g4 Qf6 38. Rf2 Qc3 39. Qf1 Re1 40. Qg2 Qe3 41. Rf3 Qd4 42. Rf2 g5 43.
Qf3 Re3 44. Qg2 Rg3 45. Qf1 gxf4 46. Rxf4 Qd5 47. Rf2 Qe5 48. Rf5 Qe6 49. Rf4 Re3 50. Rf2 Qe5+ 51. Kg2 Qe4+ 52. Kh2 Qe5+ 53. Kh1 f6 54.
Kg1 Re1 55. Rg2 Rxf1+ 56. Kxf1 Qf4+ 57. Rf2 Qd4 58. Kg2 Qc3 59. Re2 Qg3+ 60. Kh1 Qxh3+ 61. Rh2 Qf3+ 62. Rg2 h3 63. Kh2 Qxg2# 0-1

[Event "*** SCC Grand Prix: Titled Tuesday Blitz"]
[Site "Chess.com"]
[Date "2020.06.09"]
[Round "7"]
[White "Andreikka"]
[Black "Duhless"]
[Result "1-0"]
[WhiteElo "2932"]
[BlackElo "3039"]
[TimeControl "180+1"]
[EndTime "10:20:12 PDT"]
[Termination "Andreikka won on time"]

1. c4 f5 2. Nc3 Nf6 3. d4 d6 4. Nf3 g6 5. g3 Bg7 6. Bg2 O-O 7.
O-O c6 8. d5 e5 9. dxe6 Bxe6 10. b3 Na6 11. Bb2 Nc5 12. Qc2 Qe7 13.
Rad1 a5 14. e3 Rad8 15. Ne2 Kh8 16. Nf4 Bf7 17. Ng5 Bg8 18. Bc3 a4 19. Bd4 axb3 20.
axb3 Ncd7 21. Ra1 Ne5 22. Ra7 Rd7 23. Rd1 Re8 24. Bb2 Red8 25. Nf3 Ne4 26. Nd2 Nxf2 27. Re1 Nfg4 28. e4 d5 29. Ba3 Qg5 30. cxd5 Nxh2 31. Kxh2 Ng4+ 32. Kh1 Nf2+ 33. Kh2 Ng4+ 34. Kh1 Nf2+ 35. Kh2 Qh6+ 36. Nh3 cxd5 37. exf5 Ng4+ 38. Kh1 Nf2+ 39. Kh2 Ng4+ 40. Kh1 Ne3 41. Qd3 Nxf5 42. g4 Nh4 43. g5 Qh5 44. Qg3 Nxg2 45. Kxg2 d4 46. Nf4 Bd5+ 47. Nxd5 Rxd5 48. Nf3 d3 49. Rxb7 d2 50. Rd1 Re8 51. Rxg7 Kxg7 52. Bb2+ Kg8 53. Qf4 Re2+ 54. Kg3 Re8 55. Qc4 Rd8 56. Rxd2 1-0

[Event "*** SCC Grand Prix: Titled Tuesday Blitz"]
[Site "Chess.com"]
[Date "2020.06.09"]
[Round "7"]
[White "ElviraBerend"]
[Black "MomchilPetkov"]
[Result "0-1"]
[WhiteElo "2391"]
[BlackElo "2541"]
[TimeControl "180+1"]
[EndTime "10:20:13 PDT"]
[Termination "MomchilPetkov won on time"]

1. d4 Nf6 2. c4 e6 3. g3 d5 4. Nf3 Bb4+ 5. Bd2 Be7 6. Bg2 O-O 7. O-O c6 8. Qc2 b6 9. Bf4 Nbd7 10. cxd5 cxd5 11. Nc3 Bb7 12. Nb5 Ne8 13. Rac1 a6 14. Nc3 Nd6 15. Ne5 Rc8 16. Qb3 b5 17. a4 Nxe5 18.
dxe5 Nc4 19. axb5 g5 20. Be3 Nxe3 21. fxe3 Qb6 22. Kh1 Qxe3 23. bxa6 Bxa6 24. Qa4 Bc4 25. b3 Bxe2 26. Nxe2 Ra8 27. Qg4 Qxe5 28. Nf4 f5 29. Nd3 Qe3 30. Qd1 Ra2 31. Re1 Qb6 32. Rc2 Rfa8 33.
Nc1 Ra1 34. Qe2 Kf7 35. g4 f4 36. Qd3 Kg7 37. Rce2 R8a6 38. h4 Qc5 39. b4 Qc8 40.
Nb3 Rxe1+ 41. Rxe1 Rc6 42. Nd4 Rc3 43. Qd2 e5 44.
Nf5+ Kf6 45. Nxe7 Kxe7 46. Qxd5 Kf6 47. Qe4 Rg3 48. hxg5+ Kf7 49. Qf5+ Qxf5 50. gxf5 Rxg5 51. Rxe5 Kf6 52. Rc5 h5 53. Kh2 Rg3 54. Bh3 Rb3 55. Rc6+ Kg5 56. Rc5 Kh4 57. Bg2 Rb2 58. Kg1 f3 59.
Rc3 fxg2 60. Rd3 Kg4 61. f6 h4 62. f7 h3 63. Rd4+ Kg3 64. Rd3+ Kg4 65. Rd4+ Kg5 66. Kh2 Rb1 0-1

[Event "*** SCC Grand Prix: Titled Tuesday Blitz"]
[Site "Chess.com"]
[Date "2020.06.09"]
[Round "7"]
[White "OhanyanEminChess"]
[Black "fm24601"]
[Result "0-1"]
[WhiteElo "2443"]
[BlackElo "2537"]
[TimeControl "180+1"]
[EndTime "10:20:15 PDT"]
[Termination "fm24601 won by resignation"]

1. e4 e5 2. Nf3 Nc6 3. Bc4 Bc5 4. O-O Nf6 5. d3 d6 6. h3 a6 7. c3 h6 8. Nbd2 Ba7 9. Bb3 O-O 10. Nc4 Re8 11. Be3 Be6 12. Bxa7 Rxa7 13. Ne3 Ra8 14. Re1 Qd7 15. Qd2 Bxb3 16. axb3 d5 17. exd5 Nxd5 18. Nxd5 Qxd5 19. b4 Rad8 20. Rad1 f5 21. Qe2 Qf7 22. Nd2 Re7 23. Nc4 b5 24. Ne3 Red7 25. Qf3 Ne7 26. Qb7 Qf6 27. Rd2 c5 28. Qf3 cxb4 29. cxb4 e4 30. Qd1 Rxd3 31. Rxd3 Rxd3 32. Qc2 Nc6 33. Qc5 Nd4 34. Nd5 Qg5 35. Kh2 Kh7 36. Re3 Nf3+ 37.
gxf3 Rd1 38. Nf6+ Qxf6 39. fxe4 fxe4 40. Rg3 Rd3 41. Qa7 Rxg3 42. Kxg3 Qf3+ 43. Kh2 Qf4+ 44.
Kg2 Qg5+ 45. Kh2 Qe5+ 46. Kg2 Qxb2 47. Qc5 Qf6 48. Qd5 Qf3+ 49. Kg1 Qf4 50. Kf1 Qc1+ 51. Kg2 Qg5+ 52. Qxg5 hxg5 53. Kf1 Kg6 54. Ke2 Kf5 55. Kd2 Kf4 56. Ke2 g4 57. hxg4 Kxg4 58. Ke3 Kf5 59.
Kd4 Kf4 60. Kc5 Kf3 61. Kd4 Kxf2 62. Kxe4 g5 63. Kf5 Ke3 64. Kxg5 Kd4 65. Kf5 Kc4 66.
Ke6 Kxb4 67. Kd6 a5 68. Kd5 a4 0-1

[Event "*** SCC Grand Prix: Titled Tuesday Blitz"]
[Site "Chess.com"]
[Date "2020.06.09"]
[Round "7"]
[White "bazar-wokzal"]
[Black "cukus"]
[Result "0-1"]
[WhiteElo "2377"]
[BlackElo "2465"]
[TimeControl "180+1"]
[EndTime "10:20:18 PDT"]
[Termination "cukus won on time"]

1. e4 c6 2. d4 d5 3. e5 c5 4.
dxc5 e6 5. Be3 Nd7 6. Bb5 Ne7 7. Nf3 Nf5 8. Bd4 Qc7 9. b4 a5 10. a3 Be7 11. O-O O-O 12. Re1 b6 13. Bxd7 Bxd7 14.
cxb6 Qb7 15. c3 Rfc8 16. bxa5 Rxa5 17. Nbd2 Nxd4 18. cxd4 Qxb6 19. Re3 Qa7 20. h4 Bxa3 21. Nb3 Ra4 22. Ng5 h6 23. Nh3 Be7 24. Rxa4 Qxa4 25. Qg4 Rb8 26. Nd2 Qc2 27. Rg3 Bf8 28. Nf3 Qe4 29.
Nf4 Rb1+ 30. Kh2 Ra1 31. Nh5 Qxg4 32. Rxg4 Kh8 33. Kg3 Bb5 34. Rf4 Kg8 35. Rg4 Kh8 36. Nh2 Bd3 37. Rf4 Bf5 38. Kf3 Ra3+ 39. Ke2 Ra2+ 40.
Ke3 Be7 41. g4 Bg6 42. Ng3 Ra3+ 43. Ke2 Bxh4 44. Rf3 Ra2+ 45. Kf1 Bxg3 46. Rxg3 Be4 47. Rc3 g5 48. Ke1 Kg7 49. Nf1 Ra1+ 50. Ke2 h5 51.
gxh5 Kh6 52. Ne3 Kxh5 53. f3 Ra2+ 54. Ke1 Bf5 55. Nxf5 exf5 56. Rc5 g4 57. fxg4+ Kxg4 58. Rxd5 f4 59. Rd7 Kf3 60. Rxf7 Ke3 61. Kd1 f3 62. e6 Rd2+ 63. Kc1 Rxd4 64. e7 Re4 65.
Kc2 Ke2 66. Kc3 f2 0-1

[Event "*** SCC Grand Prix: Titled Tuesday Blitz"]
[Site "Chess.com"]
[Date "2020.06.09"]
[Round "7"]
[White "kuba2006"]
[Black "savagemedusa"]
[Result "1-0"]
[WhiteElo "2302"]
[BlackElo "2020"]
[TimeControl "180+1"]
[EndTime "10:20:18 PDT"]
[Termination "kuba2006 won by resignation"]

1. e4 g6 2. d4 Bg7 3. Nc3 d6 4. Be3 a6 5. f3 b5 6. Qd2 Nd7 7. O-O-O Bb7 8. Kb1 Rc8 9. g4 h5 10. g5 c5 11. dxc5 Nxc5 12. Bh3 Rc6 13. Nge2 Qa5 14. Nd5 Qa4 15. Nec3 Bxc3 16. Qxc3 Rh7 17. b3 Qa3 18. Bc1 b4 19. Qxb4 Qxb4 20. Nxb4 Rb6 21. Nd5 Bxd5 22. Rxd5 e6 23. Rd4 Ne7 24. Rhd1 Nc8 25. Ba3 Rc6 26. e5 d5 27. c4 Nb6 28. cxd5 Nxd5 29.
Rc1 Nxb3 30. axb3 Rxc1+ 31. Kxc1 Nc3 32. Rc4 Nb5 33. Bd6 Kd7 34. Kb2 Rh8 35. Bc5 Rb8 36.
Be3 a5 37. f4 Rb7 38. Bg2 Rb8 39. Bc6+ Kd8 40. Bxb5 Rxb5 41. Ka3 Ke7 42. Bc5+ Kd7 43.
Ka4 Rb7 44. Rc3 Ke8 45. Kxa5 Rb8 46. b4 Ra8+ 47. Kb6 Rb8+ 48. Kc7 Rd8 49. b5 Rd7+ 50. Kb6 Rd2 51. Ka7 Ra2+ 52. Kb7 Rxh2 53. b6 Rb2 54. Bd6 h4 55. Kc7 h3 56. Rxh3 Rc2+ 57. Kb7 Kd7 58. Ra3 Rc4 59. Ka7 Rxf4 60. b7 Rf3 61.
b8=Q Rxa3+ 62. Kb7 Rb3+ 63. Ka7 Rxb8 64. Kxb8 Kc6 65. Kc8 Kd5 66. Kd7 Ke4 67. Ke7 Kf5 68. Kxf7 Kxg5 69. Kxe6 Kf4 70. Kf6 g5 71. e6+ Ke4 72.
e7 1-0

[Event "*** SCC Grand Prix: Titled Tuesday Blitz"]
[Site "Chess.com"]
[Date "2020.06.09"]
[Round "7"]
[White "Igor_Lysyj"]
[Black "TargetA"]
[Result "1-0"]
[WhiteElo "2743"]
[BlackElo "2565"]
[TimeControl "180+1"]
[EndTime "10:20:19 PDT"]
[Termination "Igor_Lysyj won on time"]

1. d4 Nf6 2. c4 g6 3. Nc3 Bg7 4. e4 d6 5. Nf3 O-O 6. Be2 e5 7. O-O Nc6 8. d5 Ne7 9. Ne1 Nd7 10. f3 f5 11. Bg5 h6 12. Be3 f4 13. Bf2 g5 14.
Nd3 Ng6 15. c5 Nf6 16. Rc1 Bd7 17. Qb3 b6 18. cxd6 cxd6 19. Nb5 Ne8 20. Nb4 a6 21. Nc6 Qf6 22. Nc3 b5 23. a4 h5 24. Qd1 Bh6 25. axb5 axb5 26. Ra1 Rxa1 27. Qxa1 b4 28. Nb5 g4 29.
Bb6 Nh4 30. Bd8 Nxf3+ 31. gxf3 Qg7 32. Kh1 g3 33. Rg1 Bh3 34. Bf1 Bg4 35. fxg4 Qxg4 36. Ne7+ Kh8 37. h3 Qf3+ 38. Bg2 Qe2 39. Ng6+ Kg8 40.
Nxf8 Bxf8 41. Qf1 Qxb2 42. Qf3 Ng7 43. Nc7 b3 44. Ne6 Qc2 45. Nxg7 Bxg7 46. Qd1 Qc8 47.
Ba5 b2 48. Qxh5 Qc5 49. Qe8+ Kh7 50. Qh5+ Kg8 51. Qe2 Qxg1+ 52. Kxg1 b1=Q+ 53. Be1 Qb6+ 54. Kh1 Qd4 55. Bf3 Bf6 56. Kg2 Bd8 57. Qd1 Qe3 58.
Qe2 Qd4 59. Bh5 Bb6 60. Qg4+ Kh8 61. Qc8+ Kg7 62. Qd7+ Kh6 63. Be2 Qg1+ 64. Kf3 Qh1+ 65. Kg4 Qxe4 66. Qe6+ Qg6+ 67. Qxg6+ Kxg6 68. Bd3+ Kf6 69. Be4 1-0